 Dungeon Crawl Stone Soup version 0.28.0-45-g0d030f2227 (webtiles) character file.

Game seed: 8416048462139962758

78 101zpm the Chiller (level 4, -2/24 HPs)
             Began as a Gargoyle Ice Elementalist on Apr 12, 2022.
             Slain by a phantom (5 damage)
             ... on level 2 of the Dungeon.
             The game lasted 00:07:41 (2469 turns).

101zpm the Chiller (Gargoyle Ice Elementalist)      Turns: 2469, Time: 00:07:42

Health: -2/24      AC:  5    Str: 17    XL:     4   Next: 36%
Magic:  3/8        EV: 12    Int: 18    God:
Gold:   95         SH:  0    Dex: 15    Spells: 4/8 levels left

rFire   . . .      SeeInvis .   o - +11 flail of the Crushing Ancients {flame, Str+6 Dex+5}
rCold   . . .      Faith    .   (no shield)
rNeg    + . .      Spirit   .   a - +0 robe
rPois   ∞          Reflect  .   (no helmet)
rElec   +          Harm     .   (no cloak)
rCorr   .          Rampage  .   (no gloves)
Will    .....                   (no boots)
Stlth   ++........              (no amulet)
HPRegen 0.08/turn               c - ring of wizardry
MPRegen 0.11/turn               (no ring)

@: no status effects
A: sickness immunity, AC +3, negative energy resistance 1, electricity
resistance, torment resistance 1, petrification resistance
a: no special abilities


You were on level 2 of the Dungeon.
You visited 1 branch of the dungeon, and saw 3 of its levels.

You collected 95 gold pieces.

Inventory:

Hand Weapons
 h - a +0 dagger
 j - a +0 short sword
 k - a +0 spear
 l - a +0 whip
 o - the +11 flail of the Crushing Ancients (weapon) {flame, Str+6 Dex+5}
   (You took it off a hobgoblin on level 2 of the Dungeon)

   It burns those it strikes, dealing additional fire damage.
   Str:       It affects your strength (+6).
   Dex:       It affects your dexterity (+5).
Missiles
 i - 31 stones
Armour
 a - a +0 robe (worn)
Jewellery
 c - a ring of wizardry (left hand)
Wands
 p - a wand of paralysis (12)
Scrolls
 b - a scroll of brand weapon {unknown}
 e - 3 scrolls of identify {unknown}
 m - a scroll of vulnerability {unknown}
 n - a scroll of torment {unknown}
Potions
 d - 2 potions of curing {unknown}
 f - a potion of magic {unknown}
 g - 2 potions of haste {unknown}


   Skills:
 + Level 0.2 Maces & Flails
 + Level 1.7 Dodging
 + Level 2.4 Stealth
 + Level 2.8 Spellcasting
 + Level 5.0 Ice Magic


You had 4 spell levels left.
You knew the following spells:

 Your Spells              Type           Power      Damage    Failure   Level
a - Freeze                Ice            80%        1d9       1%          1
b - Frozen Ramparts       Ice            40%        1d6       2%          3

Your spell library contained the following spells:

 Spells                   Type           Power      Damage    Failure   Level
 Ozocubu's Armour         Ice            20%        N/A       2%          3
 Hailstorm                Conj/Ice       11%        3d5       24%         4


Dungeon Overview and Level Annotations

Branches:
Dungeon (3/15)

Altars:
Nemelex Xobeh

Shops:
D:2 !   D:3 [[

Annotations:
D:2 Sigmund
D:3 3 runed translucent doors, spica's ghost, amateur GrEE


Innate Abilities, Weirdness & Mutations

You are immune to sickness and miasma.
Your stone body is resilient. (AC +3)
You are immune to poison.
You resist negative energy. (rN+)
You are resistant to electric shocks. (rElec)
You are resistant to unholy torment.
You are immune to petrification.


Message History

The phantom is severely damaged.
The phantom resists.
The wall freezes the phantom.
The phantom hits you.
You are too injured to fight recklessly!
You are too injured to fight recklessly!
You are too injured to fight recklessly!
You closely miss the phantom.
The phantom is severely damaged.
The phantom completely resists.
The wall freezes the phantom but does no damage.
The phantom hits you but does no damage.
The phantom completely resists.
The wall freezes the phantom but does no damage.
The phantom hits you but does no damage.
Aiming: Freeze (safe; 1% risk of failure)
Press: ? - help, Q - select action, (/) - cycle Shift-Dir - straight line, f - phantom
Aim: a phantom (severely damaged)
You freeze the phantom but do no damage.
The phantom completely resists.
The phantom completely resists.
The wall freezes the phantom but does no damage.
The phantom closely misses you.
Aiming: Freeze (safe; 1% risk of failure)
Press: ? - help, Q - select action, (/) - cycle Shift-Dir - straight line, f/p - phantom
Aim: a phantom (severely damaged)
You freeze the phantom.
The phantom resists.
The phantom is severely damaged.
The phantom completely resists.
The wall freezes the phantom but does no damage.
The phantom hits you!
* * * LOW HITPOINT WARNING * * *
The phantom blinks!
You blink.
The frozen ramparts melt away as you move.
There is an open door here.
There is an entrance to Gedipr Zeuga's Armour Boutique here.
There is a stone staircase leading up here.
The phantom hits you but does no damage.
You climb upwards.
There is a stone staircase leading down here.
The phantom hits you.
You die...

# #..............#
###..#.#..............#
....#.#..............#
.#.#.#...)..........#
....#..............#
##...#..............#
....#..............#
.#####@W###########....#
.'.....@# #....#
.######.# #....# #.#
#....# #.# #####....#
#.# #......### #'#
#......# ... #......#
... #......# #......#


You could see Sigmund (asleep) and a phantom.

Vanquished Creatures
  A gnoll (D:1)
  2 worms (D:2)
  3 dart slugs
  An orc (D:3)
  3 ball pythons
  4 endoplasms
  4 giant cockroaches
  3 goblins
  4 hobgoblins
  4 jackals (D:1)
  7 kobolds
  4 quokkas
  3 bats
  6 rats
49 creatures vanquished.

Notes
Turn   | Place    | Note
-------+----------+-------------------------------------------
     0 | D:1      | 101zpm the Gargoyle Ice Elementalist began the quest for
                  | the Orb.
     0 | D:1      | Reached XP level 1. HP: 10/10 MP: 3/3
   142 | D:1      | Reached XP level 2. HP: 15/15 MP: 0/5
   383 | D:1      | Found a faded altar of an unknown god.
   595 | D:1      | Reached XP level 3. HP: 19/19 MP: 1/6
   633 | D:1      | Learned a level 3 spell: Frozen Ramparts
  1917 | D:2      | Identified the +11 flail of the Crushing Ancients {flame,
                  | Str+6 Dex+5}
  1964 | D:2      | Reached XP level 4. HP: 6/24 MP: 0/7
  2246 | D:2      | Found a sparkling altar of Nemelex Xobeh.
  2271 | D:2      | Reached skill level 5 in Ice Magic
  2285 | D:2      | Found Beciun's Distillery.
  2314 | D:2      | You fall into a shaft and drop 1 floor!
  2333 | D:3      | Found a runed translucent gate.
  2333 | D:3      | Found a runed translucent gate.
  2336 | D:3      | Noticed spica's ghost (amateur GrEE)
  2339 | D:3      | Noticed a kobold brigand
  2340 | D:3      | Found a runed translucent gate.
  2371 | D:3      | Found Becidoum's Armour Shop.
  2427 | D:3      | Found Gedipr Zeuga's Armour Boutique.
  2441 | D:3      | Noticed a phantom
  2468 | D:2      | Noticed Sigmund
  2469 | D:2      | Slain by a phantom

Illustrated notes

Levels and vault maps discovered:
D:1:      psy_arrival_statuary, layout_basic, hellmonk_ecumenical_altar_run_dry
D:2:      layout_basic, serial_shops, shop_statue, basic_altar, uniq_sigmund,
          uniq_jessica
D:3:      layout_basic, gammafunk_ghost_nasty_kobolds, serial_shops,
          nicolae_shop_hallway_stairs, shop, shop, shop_statue,
          nicolae_shop_trees, minmay_unequal

Skill      XL: |  1  2  3  4 |
---------------+-------------+-----
Ice Magic      | 5 |  5.0
Maces & Flails | |  0.2
Dodging        | |  1.7
Stealth        | |  2.4
Spellcasting   | |  2.8

Action                   |  1- 3 |  4- 6 || total
-------------------------+-------+-------++-------
Melee: Unarmed           |    22 |       ||    22
       Whip              |    16 |       ||    16
       Flail             |       |    16 ||    16
 Cast: Freeze            |    38 |     6 ||    44
       Frozen Ramparts   |     7 |     2 ||     9
 Stab: Sleeping          |       |     1 ||     1
Armor: Robe              |    17 |     5 ||    22
Dodge: Dodged            |    48 |    13 ||    61
